 Dungeon Crawl Stone Soup version 0.25-a0-578-gc91f01c (webtiles) character file.

Game seed: 11177427388502259209, levelgen mode: deterministic

35 15 the Insei (level 3, -2/39 HPs)
             Began as a Merfolk Transmuter on Mar 3, 2020.
             Slain by a scorpion (5 damage)
             ... on level 2 of the Dungeon.
             The game lasted 00:02:17 (768 turns).

15 the Insei (Merfolk Transmuter)                    Turns: 768, Time: 00:02:18

Health: -2/39      AC: 21    Str:  9 (11) XL:     3   Next: 35%
Magic:  6/6        EV:  2    Int:  9 (12) God:
Gold:   43         SH:  0    Dex: 11 (14) Spells: 3/6 levels left

rFire    . . .     SeeInvis .     - Unarmed
rCold    . . .     Gourm    .   (no shield)
rNeg     + + +     Faith    .   (armour currently unavailable)
rPois    +         Spirit   .   (helmet currently unavailable)
rElec    .         Reflect  .   (cloak currently unavailable)
rCorr    .         Harm     .   (gloves currently unavailable)
MR       .....     NoTele   +   (boots currently unavailable)
Stlth    +.........             (no amulet)
HPRegen  0.13/turn              (no ring)
MPRegen  0.10/turn              (no ring)

@: tree-form
A: (change form in water), (swift swim), (stealthy swim)
a: no special abilities


You were on level 2 of the Dungeon.
You were not hungry.
You were a tree.
You visited 1 branch of the dungeon, and saw 2 of its levels.

You collected 43 gold pieces.

Inventory:

Missiles
 a - 37 arrows
Armour
 b - a +0 robe (melded)
Scrolls
 c - 2 scrolls of remove curse {unknown}
 g - a scroll of amnesia {unknown}
 h - a scroll of enchant armour {unknown}
Potions
 i - a potion of lignification
Comestibles
 d - 3 rations
 f - a chunk of flesh


   Skills:
 * Level 1.2 Fighting
 * Level 0.6 Armour
 * Level 3.0 Dodging
 * Level 4.2 Unarmed Combat
 * Level 2.1 Spellcasting
 * Level 2.8 Transmutations


You had 3 spell levels left.
You knew the following spells:

 Your Spells              Type           Power        Failure   Level  Hunger
a - Beastly Appendage     Tmut           #.....       11%         1    ##.....
b - Sticks to Snakes      Tmut           #.......     16%         2    ###....

Your spell library contained the following spells:

 Spells                   Type           Power        Failure   Level  Hunger
 Spider Form              Tmut/Pois      #.........   50%         3    ####...
 Ice Form                 Ice/Tmut       #.......     88%         4    #####..
 Blade Hands              Tmut           #.........   96%         5    ######.


Dungeon Overview and Level Annotations

Branches:
Dungeon (2/15)

Altars:


Message History

The scorpion stings you but does no damage.
You hit the scorpion but do no damage.
The scorpion stings you but does no damage.
You hit the scorpion.
The scorpion is moderately wounded.
The scorpion stings you but does no damage.
You hit the scorpion but do no damage.
The scorpion is moderately wounded.
The scorpion stings you but does no damage.
You hit the scorpion.
The scorpion is heavily wounded.
The scorpion stings you but does no damage.
You hit the scorpion.
The scorpion is severely wounded.
The scorpion stings you.
* * * LOW HITPOINT WARNING * * *
You barely miss the scorpion.
The scorpion is severely wounded.
The scorpion stings you.
You die...

#.#.### ##. ##.#....
..! .......##.# ##
........# #.# .....
..# # ###.### #.# #.
#b)...# ##.#
.###..#s###.#####.##
..<....♣#
#...÷....##
.###.##.#
#.#######.## ..
......# #....# ##
######## #.###.# #.#
## #># ####.# #....#
#.####


You could see a scorpion and a bat.

Vanquished Creatures
  An adder (D:2)
  A dart slug (D:1)
  4 bats (D:1)
  2 hobgoblins (D:1)
  A frilled lizard (D:1)
  3 goblins (D:1)
  5 kobolds
  9 rats
26 creatures vanquished.

Notes
Turn   | Place    | Note
-------+----------+-------------------------------------------
     0 | D:1      | 15 the Merfolk Transmuter began the quest for the Orb.
     0 | D:1      | Reached XP level 1. HP: 15/15 MP: 3/3
   131 | D:1      | Reached XP level 2. HP: 14/21 MP: 5/5
   431 | D:1      | Reached skill level 4 in Unarmed Combat
   614 | D:1      | Learned a level 2 spell: Sticks to Snakes
   718 | D:2      | Reached XP level 3. HP: 26/26 MP: 6/6
   754 | D:2      | Noticed a scorpion
   768 | D:2      | Slain by a scorpion

Levels and vault maps discovered:
D:1:      giann_forest_graveyard, layout_basic, interstate_on_off
D:2:      layout_loops_ring, lemuel_doored_altar,
          gammafunk_temple_overflow_elements, uniq_robin

Skill      XL: |  1  2  3 |
---------------+----------+-----
Unarmed Combat | 4 |  4.2
Dodging        | 3 |  3.0
Fighting       | |  1.2
Armour         | |  0.6
Spellcasting   | |  2.1
Transmutations | |  2.8

Action                   || total
-------------------------++-------
Melee: Unarmed           ||    77
       Headbutt          ||     3
       Punch             ||     1
 Cast: Beastly Appendage ||     3
  Use: Scroll            ||     1
       Potion            ||     2
 Stab: Sleeping          ||     2
Armor: Robe              ||    18
       Skin              ||     6
Dodge: Dodged            ||    49

Table legend:
 A = Non-vault XP
 B = Vault XP
 C = Vault XP percentage of total XP
 D = Non-vault monster count
 E = Vault monster count
 F = Vault count percentage of total count
                 A         B        C        D         E       F
            +---------+---------+-------+---------+---------+-------
      Total |      51 |       0 |   0.0 |      26 |       0 |   0.0
            +---------+---------+-------+---------+---------+-------
        D:1 |      33 |       0 |   0.0 |      22 |       0 |   0.0
        D:2 |      18 |       0 |   0.0 |       4 |       0 |   0.0
            +---------+---------+-------+---------+---------+-------
